 Dungeon Crawl Stone Soup version 0.26-a0-1145-gf5f8a83f67 (webtiles) character file.

Game seed: 4500393625323348221

16522 Adamkad1 the Frost Mage (level 12, -3/91 HPs)
             Began as a Gnoll Ice Elementalist on Dec 22, 2020.
             Was an Initiate of Gozag.
             Slain by a white ugly thing (24 damage)
             ... on level 10 of the Dungeon.
             The game lasted 00:41:49 (15583 turns).

Adamkad1 the Frost Mage (Gnoll Ice Elementalist)   Turns: 15583, Time: 00:41:50

Health: -3/91      AC: 13    Str: 18      XL:     12   Next: 38%
Magic:  27/33      EV: 16    Int: 18      God:    Gozag
Gold:   1384       SH:  0    Dex: 15 (16) Spells: 3/28 levels left

rFire    . . .     SeeInvis +   s - +0 whip (vamp)
rCold    . . .     Faith    .   (no shield)
rNeg     . . .     Spirit   .   l - +2 ring mail {rPois}
rPois    +         Reflect  .   c - +0 helmet
rElec    .         Harm     .   G - +0 cloak
rCorr    .         Rampage  .   H - +1 pair of gloves of Broken Taboos {Str+3 SInv}
Will     .....                  (no boots)
Stlth    +++.......             (no amulet)
HPRegen  0.25/turn              u - ring of poison resistance
MPRegen  0.23/turn              a - ring of magical power

@: no status effects
A: distributed training, fangs 1, strong nose
a: Renounce Religion, Potion Petition, Call Merchant, Bribe Branch


You were on level 10 of the Dungeon.
You worshipped Gozag.
Gozag was most pleased with you.
You visited 2 branches of the dungeon, and saw 12 of its levels.

You collected 1849 gold pieces.
You spent 313 gold pieces at shops.
You paid 152 gold pieces to Gozag.

Inventory:

Hand Weapons
 s - a +0 vampiric whip (weapon)
Missiles
 v - 35 boomerangs
Armour
 c - a +0 helmet (worn)
 l - a +2 ring mail of poison resistance (worn)
 p - a +0 kite shield
 A - the +8 orange crystal plate armour {Archmagi, Int+3 Clar}
   (You found it on level 6 of the Dungeon)

   It affects your intelligence (+3).
   It protects you against confusion.
 G - a +0 cloak (worn)
 H - the +1 pair of gloves of Broken Taboos (worn) {Str+3 SInv}
   (You bought it in a shop on level 7 of the Dungeon)

   It affects your strength (+3).
   It lets you see invisible.
Jewellery
 a - a ring of magical power (right hand)
 d - a +4 ring of slaying {unknown}
 u - a ring of poison resistance (left hand)
 y - an uncursed amulet of guardian spirit
Wands
 m - a wand of digging (5)
 r - a wand of polymorph (19)
 x - a wand of iceblast (9)
 D - a wand of random effects (14)
 E - a wand of acid (8)
 F - a wand of paralysis (26)
Scrolls
 b - 4 scrolls of amnesia
 i - 4 scrolls of teleportation
 j - 2 scrolls of fog
 n - 5 scrolls of remove curse
 q - 4 scrolls of fear
 w - 2 scrolls of identify
 z - a scroll of brand weapon
 B - a scroll of enchant weapon {unknown}
Potions
 e - 3 potions of brilliance
 f - a potion of magic
 g - 5 potions of heal wounds
 h - a potion of might
 k - a potion of berserk rage
 o - 2 potions of curing
 t - 4 potions of flight


   Skills:
 + Level 7.2 Fighting
 + Level 7.2 Short Blades
 + Level 7.2 Long Blades
 + Level 7.2 Axes
 + Level 7.2 Maces & Flails
 + Level 7.2 Polearms
 + Level 7.2 Staves
 + Level 7.2 Slings
 + Level 7.2 Bows
 + Level 7.2 Crossbows
 + Level 7.2 Throwing
 + Level 7.2 Armour
 + Level 8.6 Dodging
 + Level 8.4 Stealth
 + Level 7.2 Shields
 + Level 7.2 Unarmed Combat
 + Level 8.9 Spellcasting
 + Level 6.0 Conjurations
 + Level 6.0 Hexes
 + Level 6.0 Summonings
 + Level 6.0 Necromancy
 + Level 6.0 Translocations
 + Level 6.0 Transmutations
 + Level 6.0 Fire Magic
 + Level 9.4 Ice Magic
 + Level 6.0 Air Magic
 + Level 6.0 Earth Magic
 + Level 6.0 Poison Magic
 + Level 7.9 Invocations
 + Level 7.2 Evocations


You had 3 spell levels left.
You knew the following spells:

 Your Spells              Type           Power        Failure   Level
a - Freeze                Ice            100%         1%          1
b - Frozen Ramparts       Ice            82%          1%          3
c - Ozocubu's Armour      Ice            41%          1%          3
d - Hailstorm             Conj/Ice       35%          6%          4
e - Summon Ice Beast      Ice/Summ       35%          6%          4
f - Apportation           Tloc           58%          1%          1
g - Shock                 Conj/Air       100%         1%          1
h - Sting                 Tmut/Pois      100%         1%          1
i - Swiftness             Air            29%          1%          2
j - Ignite Poison         Fire/Tmut/Pois 29%          3%          3
k - Poisonous Vapours     Pois/Air       58%          1%          2

Your spell library contained the following spells:

 Spells                   Type           Power        Failure   Level
 Animate Skeleton         Necr           58%          1%          1
 Beastly Appendage        Tmut           58%          1%          1
 Corona                   Hex            32%          1%          1
 Summon Small Mammal      Summ           100%         1%          1
 Wereblood                Tmut           29%          1%          2
 Confusing Touch          Hex            29%          3%          3
 Gell's Gravitas          Tloc           14%          3%          3
 Lesser Beckoning         Tloc           14%          3%          3
 Mephitic Cloud           Conj/Pois/Air  29%          3%          3
 Spider Form              Tmut/Pois      14%          3%          3
 Static Discharge         Conj/Air       29%          3%          3
 Tukima's Dance           Hex            29%          3%          3
 Ice Form                 Ice/Tmut       35%          6%          4
 Airstrike                Air            14%          12%         4
 Olgreb's Toxic Radiance  Pois           29%          12%         4
 Petrify                  Tmut/Erth      29%          12%         4
 Metabolic Englaciation   Hex/Ice        17%          17%         5
 Alistair's Intoxication  Tmut/Pois      19%          32%         5
 Blade Hands              Tmut           14%          32%         5
 Lightning Bolt           Conj/Air       14%          32%         5
 Yara's Violent Unravell  Hex/Tmut       14%          32%         5
 Invisibility             Hex            29%          88%         6


Dungeon Overview and Level Annotations

Branches:
Dungeon (11/15)            Temple (1/1) D:7            Lair (0/6) D:10
    Orc: D:9-12

Altars:
Ashenzari
Cheibriados
Dithmenos
Elyvilon
Fedhas
Gozag
Hepliaklqana
Kikubaaqudgha
Makhleb
Nemelex Xobeh
Okawaru
Qazlal
Ru
Sif Muna
Trog
Uskayaw
Vehumet
Wu Jian
Xom
Yredelemnul
Zin
The Shining One

Shops:
D:7 *(:=   D:9 (   D:10 }

Annotations:
D:11 Urug


Innate Abilities, Weirdness & Mutations

Your experience applies equally to all skills.
You have very sharp teeth.
Your uncanny sense of smell can sniff out nearby items.


Message History

You bite the white ugly thing, but do no damage.
The white ugly thing is moderately wounded.
The white ugly thing resists.
The wall freezes the white ugly thing.
The white ugly thing tail-slaps you. The white ugly thing freezes you!!
Casting: Poisonous Vapours (safe; 1% risk of failure)
Confirm with . or Enter, or press ? or * to list all spells.
Okay, then.
Your frozen ramparts will break if you move.
Continue?
The frozen ramparts melt away as you move.
There is an escape hatch in the ceiling here.
The white ugly thing tail-slaps you but does no damage.
A mysterious force pulls you upwards. The hatch slams shut behind you.
Unknown command.
The white ugly thing tail-slaps you. The white ugly thing freezes you!!
* * * LOW HITPOINT WARNING * * *
You feel much better. The white ugly thing tail-slaps you.
* * * LOW HITPOINT WARNING * * *
The white ugly thing freezes you!!
You die...
Your body crumbles into a pile of gold.

###.[...####.....................
###......##....................
##.....#.>...........##......
#...........#................
#####...###...#.............#....
.........#.................##...#
#####....#.....##...............#
##..........###..............
##........u@............[...
##.##....####.....#........
###......# ####.##..##..#.
#...#.## #.##...##### ###.###
####..(# # ### ##.## ###


You could see a white ugly thing (very poisoned).

Vanquished Creatures
  Gastronok (D:10)
  Harold (D:11)
  A death knight (D:11)
  4 two-headed ogres
  2 unseen horrors
  Pikel (D:4)
  Joseph (D:7)
  Maurice (D:11)
  A komodo dragon (D:11)
  A troll (D:11)
  2 polar bears (D:9)
  A hornet (D:11)
  8 yaks
  A wyvern (D:10)
  A basilisk (D:10)
  Grum (D:11)
  A steam dragon (D:9)
  2 black bears
  2 sky beasts
  3 ice beasts
  A necrophage (D:9)
  6 orc warriors
  2 phantoms
  5 wolves
  9 ogres
  3 centaurs
  A lemure (D:4)
  A big kobold (D:8)
  9 bullfrogs
  3 scorpions
  A water moccasin skeleton (D:8)
  9 killer bees
  A wight (D:8)
  2 howler monkeys
  2 bullfrog zombies (D:5)
  2 quasits
  3 bullfrog skeletons
  6 hounds
  4 jellies
  7 orc priests
  6 orc wizards
  A centaur skeleton (D:5)
  5 iguanas
  5 worker ants
  A killer bee zombie (D:5)
  A bullfrog simulacrum (D:9)
  A centaur simulacrum (D:9)
  4 hound skeletons
  2 worker ant zombies
  Robin (D:2)
  16 gnolls
  15 adders
  A shadow imp (D:9)
  4 white imps
  2 ufetubi (D:9)
  An ooze (D:3)
  3 adder skeletons
  A worm (D:4)
  4 dart slugs
  5 leopard geckos
  35 orcs
  6 giant cockroaches
  19 goblins
  14 hobgoblins
  9 jackals (D:4)
  6 kobolds
  4 quokkas
  3 ball pythons
  11 bats
  7 frilled lizards
  A jackal skeleton (D:5)
  A leopard gecko skeleton (D:4)
  A leopard gecko zombie (D:8)
  13 rats
322 creatures vanquished.

Vanquished Creatures (collateral kills)
  An electric eel (D:9)
  A lava snake (D:8)
2 creatures vanquished.

Vanquished Creatures (others)
  An ufetubus (D:9)
  A plant (D:10)
2 creatures vanquished.

Grand Total: 326 creatures vanquished

Notes
Turn   | Place    | Note
-------+----------+-------------------------------------------
     0 | D:1      | Adamkad1 the Gnoll Ice Elementalist began the quest for the
                  | Orb.
     0 | D:1      | Reached XP level 1. HP: 13/13 MP: 6/6
   206 | D:1      | Reached XP level 2. HP: 19/19 MP: 4/7
   622 | D:1      | Reached XP level 3. HP: 25/25 MP: 9/9
   628 | D:1      | Reached skill level 5 in Spellcasting
   701 | D:1      | Learned a level 3 spell: Frozen Ramparts
   705 | D:1      | Learned a level 3 spell: Ozocubu's Armour
  1124 | D:2      | Reached skill level 1 in Invocations
  1268 | D:2      | Found a shadowy altar of Dithmenos.
  1300 | D:2      | Reached skill level 1 in Fighting
  1300 | D:2      | Reached skill level 1 in Short Blades
  1300 | D:2      | Reached skill level 1 in Long Blades
  1300 | D:2      | Reached skill level 1 in Axes
  1300 | D:2      | Reached skill level 1 in Maces & Flails
  1300 | D:2      | Reached skill level 1 in Polearms
  1300 | D:2      | Reached skill level 1 in Staves
  1300 | D:2      | Reached skill level 1 in Slings
  1300 | D:2      | Reached skill level 1 in Bows
  1300 | D:2      | Reached skill level 1 in Crossbows
  1300 | D:2      | Reached skill level 1 in Throwing
  1300 | D:2      | Reached skill level 1 in Armour
  1300 | D:2      | Reached skill level 1 in Shields
  1300 | D:2      | Reached skill level 1 in Unarmed Combat
  1300 | D:2      | Reached skill level 1 in Evocations
  1300 | D:2      | Reached XP level 4. HP: 22/32 MP: 7/11
  1448 | D:2      | Found a basalt altar of Yredelemnul.
  1491 | D:2      | Noticed Robin
  1507 | D:2      | Killed Robin
  1519 | D:2      | Reached skill level 1 in Conjurations
  1519 | D:2      | Reached skill level 1 in Hexes
  1519 | D:2      | Reached skill level 1 in Summonings
  1519 | D:2      | Reached skill level 1 in Necromancy
  1519 | D:2      | Reached skill level 1 in Translocations
  1519 | D:2      | Reached skill level 1 in Transmutations
  1519 | D:2      | Reached skill level 1 in Fire Magic
  1519 | D:2      | Reached skill level 1 in Air Magic
  1519 | D:2      | Reached skill level 1 in Earth Magic
  1519 | D:2      | Reached skill level 1 in Poison Magic
  2246 | D:2      | Learned a level 4 spell: Hailstorm
  2313 | D:3      | Reached XP level 5. HP: 32/37 MP: 7/12
  2927 | D:3      | Found a basalt altar of Yredelemnul.
  2927 | D:3      | Found an ornate altar of the Wu Jian Council.
  3072 | D:3      | Found a burning altar of Makhleb.
  3110 | D:4      | Noticed Pikel
  3110 | D:4      | Noticed a lemure
  3110 | D:4      | Noticed a lemure
  3110 | D:4      | Noticed a lemure
  3110 | D:4      | Noticed a lemure
  3152 | D:4      | Killed a lemure
  3154 | D:4      | Killed Pikel
  3155 | D:4      | Reached skill level 5 in Dodging
  3155 | D:4      | Reached XP level 6. HP: 46/46 MP: 4/14
  3155 | D:4      | Reached XP level 7. HP: 51/51 MP: 4/15
  3254 | D:4      | Reached skill level 5 in Stealth
  3534 | D:4      | Reached XP level 8. HP: 56/57 MP: 10/16
  3980 | D:4      | Noticed a yak
  3995 | D:4      | Killed a yak
  4674 | D:5      | Entered Level 5 of the Dungeon
  5553 | D:4      | Reached XP level 9. HP: 59/65 MP: 11/18
  5581 | D:4      | Learned a level 4 spell: Summon Ice Beast
  5583 | D:4      | Learned a level 1 spell: Apportation
  5683 | D:5      | Found a shimmering altar of Xom.
  6193 | D:5      | Found an iron altar of Okawaru.
  6193 | D:5      | Found a hazy altar of Hepliaklqana.
  6423 | D:6      | Found the +8 orange crystal plate armour {Archmagi, Int+3
                  | Clar}
  6638 | D:6      | Reached skill level 8 in Ice Magic
  7409 | D:7      | Found Hainna's Assorted Antiques.
  7485 | D:7      | Found Vuunylefacs's Jewellery Shoppe.
  7507 | D:7      | Found Toih's Book Shop.
  7537 | D:7      | Noticed Joseph
  7553 | D:7      | Killed Joseph
  7554 | D:7      | Reached skill level 5 in Invocations
  7916 | D:7      | Found Yskouluo's Antique Weapon Boutique.
  8366 | D:7      | Found a stormy altar of Qazlal.
  8416 | D:7      | Found a staircase to the Ecumenical Temple.
  8436 | Temple   | Entered the Ecumenical Temple
  8467 | Temple   | Became a worshipper of Gozag Ym Sagoz the Greedy
  8603 | D:7      | Bought a pair of scorched gloves for 313 gold pieces
  8608 | D:7      | Identified the +1 pair of gloves of Broken Taboos {Str+3
                  | SInv} (You bought it in a shop on level 7 of the Dungeon)
  8670 | D:8      | Reached XP level 10. HP: 73/73 MP: 14/20
  9091 | D:8      | Reached skill level 5 in Fighting
  9091 | D:8      | Reached skill level 5 in Short Blades
  9091 | D:8      | Reached skill level 5 in Long Blades
  9091 | D:8      | Reached skill level 5 in Axes
  9091 | D:8      | Reached skill level 5 in Maces & Flails
  9091 | D:8      | Reached skill level 5 in Polearms
  9091 | D:8      | Reached skill level 5 in Staves
  9091 | D:8      | Reached skill level 5 in Slings
  9091 | D:8      | Reached skill level 5 in Bows
  9091 | D:8      | Reached skill level 5 in Crossbows
  9091 | D:8      | Reached skill level 5 in Throwing
  9091 | D:8      | Reached skill level 5 in Armour
  9091 | D:8      | Reached skill level 5 in Shields
  9091 | D:8      | Reached skill level 5 in Unarmed Combat
  9091 | D:8      | Reached skill level 5 in Evocations
 10228 | D:8      | Noticed a two-headed ogre
 10252 | D:8      | Killed a two-headed ogre
 10639 | D:8      | Learned a level 1 spell: Shock
 10641 | D:8      | Learned a level 1 spell: Sting
 10644 | D:8      | Learned a level 2 spell: Swiftness
 10648 | D:8      | Learned a level 3 spell: Ignite Poison
 10744 | D:9      | Found Emmosu's Antique Weapon Emporium.
 11600 | D:9      | Reached XP level 11. HP: 55/81 MP: 15/22
 11795 | D:9      | Reached skill level 5 in Conjurations
 11795 | D:9      | Reached skill level 5 in Hexes
 11795 | D:9      | Reached skill level 5 in Summonings
 11795 | D:9      | Reached skill level 5 in Necromancy
 11795 | D:9      | Reached skill level 5 in Translocations
 11795 | D:9      | Reached skill level 5 in Transmutations
 11795 | D:9      | Reached skill level 5 in Fire Magic
 11795 | D:9      | Reached skill level 5 in Air Magic
 11795 | D:9      | Reached skill level 5 in Earth Magic
 11795 | D:9      | Reached skill level 5 in Poison Magic
 12067 | D:9      | Found a burning altar of Makhleb.
 12295 | D:9      | Found a shimmering blue altar of Sif Muna.
 12418 | D:10     | Entered Level 10 of the Dungeon
 12434 | D:9      | Learned a level 2 spell: Poisonous Vapours
 12508 | D:10     | Noticed an unseen horror
 12576 | D:10     | Found Odghax's Gadget Shop.
 12868 | D:10     | Noticed Gastronok
 12986 | D:10     | Killed Gastronok
 12987 | D:10     | Reached skill level 9 in Ice Magic
 13314 | D:10     | Killed an unseen horror
 13510 | D:10     | Found a staircase to the Lair.
 13774 | D:10     | Noticed a two-headed ogre
 13790 | D:10     | Killed a two-headed ogre
 14103 | D:11     | Noticed a two-headed ogre
 14113 | D:11     | Killed a two-headed ogre
 14300 | D:11     | Noticed Harold
 14310 | D:11     | Killed Harold
 14311 | D:11     | Reached XP level 12. HP: 86/89 MP: 16/24
 14517 | D:11     | Noticed Maurice
 14527 | D:11     | Paralysed by a hornet for 1 turns
 14698 | D:11     | Killed Maurice
 14813 | D:11     | Noticed a two-headed ogre
 14829 | D:11     | Killed a two-headed ogre
 15064 | D:11     | Noticed a death knight
 15079 | D:11     | Killed a death knight
 15407 | D:11     | Noticed Grum
 15429 | D:11     | Killed Grum
 15567 | D:11     | Noticed Urug
 15580 | D:10     | HP: 3/91 [white ugly thing (32)]
 15583 | D:10     | Slain by a white ugly thing

Illustrated notes

Levels and vault maps discovered:
D:1:      dpeg_cavernosity, layout_loops_ring
D:2:      layout_loops_ring, nicolae_dithmenos_through_a_glass_darkly,
          yredelemnul_altar_generic, uniq_robin
D:3:      layout_rooms, nicolae_overflow_hidden_temple,
          grunt_temple_overflow_open
D:4:      minmay_diamond_boxcup, layout_gridville, minmay_puff, uniq_pikel
D:5:      layout_loops_ring, amethyst_overflow_temple_binary, old_standard_altar
D:6:      layout_basic
D:7:      layout_loops_ring, kennysheep_mini_moat,
          minmay_temple_entry_glassed_door, serial_shops,
          nicolae_shop_statue_plus, shop_statue, shop_fountains,
          kennysheep_mini, uniq_joseph
D:8:      minmay_ornate_pinched, layout_basic, kennysheep_dice
D:9:      layout_roguey, led_sif_pool, serial_ice, serial_ice_m, serial_ice_k,
          serial_ice_n, serial_ice_d, serial_ice_g, serial_ice_o, serial_shops,
          shop, lemuel_altar_in_water
D:10:     layout_cave_pools, david_lair_generic, serial_shops, shop,
          uniq_gastronok
D:11:     layout_roguey, uniq_maurice, uniq_grum, uniq_urug, uniq_harold
Temple:   cyrus_circular_temple

Skill      XL: |  1  2  3  4  5  6  7  8  9 10 11 12 |
---------------+-------------------------------------+-----
Spellcasting   | 5 6 7 8 |  8.9
Invocations    | 1 2 3 4 5 6 7 |  7.9
Fighting       | 1 2 3 4 5 6 7 |  7.2
Short Blades   | 1 2 3 4 5 6 7 |  7.2
Long Blades    | 1 2 3 4 5 6 7 |  7.2
Axes           | 1 2 3 4 5 6 7 |  7.2
Maces & Flails | 1 2 3 4 5 6 7 |  7.2
Polearms       | 1 2 3 4 5 6 7 |  7.2
Staves         | 1 2 3 4 5 6 7 |  7.2
Slings         | 1 2 3 4 5 6 7 |  7.2
Bows           | 1 2 3 4 5 6 7 |  7.2
Crossbows      | 1 2 3 4 5 6 7 |  7.2
Throwing       | 1 2 3 4 5 6 7 |  7.2
Armour         | 1 2 3 4 5 6 7 |  7.2
Shields        | 1 2 3 4 5 6 7 |  7.2
Unarmed Combat | 1 2 3 4 5 6 7 |  7.2
Evocations     | 1 2 3 4 5 6 7 |  7.2
Conjurations   | 1 2 3 4 5 6 |  6.0
Hexes          | 1 2 3 4 5 6 |  6.0
Summonings     | 1 2 3 4 5 6 |  6.0
Necromancy     | 1 2 3 4 5 6 |  6.0
Translocations | 1 2 3 4 5 6 |  6.0
Transmutations | 1 2 3 4 5 6 |  6.0
Fire Magic     | 1 2 3 4 5 6 |  6.0
Air Magic      | 1 2 3 4 5 6 |  6.0
Earth Magic    | 1 2 3 4 5 6 |  6.0
Poison Magic   | 1 2 3 4 5 6 |  6.0
Dodging        | 5 6 7 8 |  8.6
Stealth        | 5 6 7 8 |  8.4
Ice Magic      | 8 9 |  9.4

Action                   |  1- 3 |  4- 6 |  7- 9 | 10-12 || total
-------------------------+-------+-------+-------+-------++-------
Melee: Unarmed           |     3 |       |       |       ||     3
       Whip              |     9 |    28 |   193 |   337 ||   567
       Bite              |     1 |     1 |    36 |    49 ||    87
       Punch             |     1 |       |     3 |    10 ||    14
       Staff             |       |       |    95 |       ||    95
 Cast: Freeze            |    42 |    46 |    91 |    87 ||   266
       Frozen Ramparts   |       |     6 |    26 |    47 ||    79
       Ozocubu's Armour  |       |     3 |    25 |    46 ||    74
       Summon Ice Beast  |       |       |       |     3 ||     3
       Poisonous Vapours |       |       |       |    65 ||    65
       Ignite Poison     |       |       |       |    12 ||    12
       Sting             |       |       |       |    10 ||    10
       Hailstorm         |       |       |       |     2 ||     2
       Shock             |       |       |       |     6 ||     6
  Use: Scroll            |       |     3 |    13 |     7 ||    23
       Potion            |       |       |       |     3 ||     3
 Stab: Sleeping          |     5 |     1 |     9 |     4 ||    19
       Distracted        |       |       |       |     4 ||     4
Armor: Robe              |     2 |     5 |       |       ||     7
       Ring mail         |       |    10 |   115 |   244 ||   369
Dodge: Dodged            |    26 |    41 |   237 |   433 ||   737

Table legend: (Time is in decaauts)
 A = Elapsed time spent in this place.
 B = Non-inter-level travel time spent in this place.
 C = Inter-level travel time spent in this place.
 D = Time resting spent in this place.
 E = Time spent auto-exploring this place.
 F = Levels seen in this place.
 G = Mean time per level.
                   A        B        C        D        E       F      G
               +--------+--------+--------+--------+--------+-----+--------+
         Total |  15525 |  15225 |    300 |   4224 |   7733 |  12 | 1293.8 |
       Dungeon |  15460 |  15170 |    290 |   4224 |   7733 |  11 | 1405.5 |
        Temple |     64 |     54 |     10 |      0 |      0 |   1 |   64.0 |
               +--------+--------+--------+--------+--------+-----+--------+

Top non-repeatable levels by time:
     D:9: 2186 daAuts
     D:8: 2007 daAuts
     D:4: 1720 daAuts
    D:11: 1551 daAuts
     D:5: 1494 daAuts
     D:7: 1273 daAuts
     D:2: 1201 daAuts
    D:10: 1145 daAuts
     D:1: 1107 daAuts
     D:6: 959 daAuts
     D:3: 814 daAuts
  Temple: 64 daAuts
